 Dungeon Crawl Stone Soup version 0.31-a0-819-gf6de2f5ab6 (webtiles) character file.

Game seed: 4659407449359551764

54 qw the Shooter (level 3, -2/23 HPs)
             Began as a Gargoyle Hunter on Sept 23, 2023.
             Slain by Terence
             ... wielding a +3 antimagic falchion
              (4 damage)
             ... on level 2 of the Dungeon.
             The game lasted 00:00:27 (1044 turns).

qw the Shooter (Gargoyle Hunter)                    Turns: 1044, Time: 00:00:27

Health: -2/23      AC:  7    Str: 14    XL:     3   Next: 91%
Magic:  0/3        EV: 11    Int:  9    God:
Gold:   61         SH:  0    Dex: 15    Spells: 2/2 levels left

rFire   . . .        Y - +0 shortbow
rCold   . . .        (shield currently unavailable)
rNeg    + . .        c - +0 leather armour
rPois   inf          (no helmet)
rElec   +            e - +0 cloak
rCorr   .            (no gloves)
SInv    .            (no boots)
Will    .....        (no amulet)
Stlth   ++           (no ring)
HPRegen 0.23/turn    (no ring)
MPRegen 0.08/turn

%: no passive effects
@: no status effects
A: sickness immunity, AC +3, negative energy resistance 1, electricity
resistance, torment resistance 1, petrification resistance
a: no special abilities


You were on level 2 of the Dungeon.
You visited 1 branch of the dungeon, and saw 2 of its levels.

You collected 61 gold pieces.


Innate Abilities, Weirdness & Mutations

You are immune to sickness and miasma.
Your stone body is resilient. (AC +3)
You are immune to poison.
You resist negative energy. (rN+)
You are resistant to electric shocks. (rElec)
You are resistant to unholy torment.
You are immune to petrification.


   Skills:
 - Level 3.0 Fighting
 + Level 5.0 Ranged Weapons
 - Level 1.5 Dodging
 - Level 1.1 Stealth


You had 2 spell levels left.
You didn't know any spells.
Your spell library was empty.

Inventory:

Hand Weapons
 Y - a +0 shortbow (weapon)
Armour
 c - a +0 leather armour (worn)
 e - a +0 cloak (worn)
Scrolls
 g - a scroll of identify
Potions
 h - a potion of curing

Dungeon Overview and Level Annotations

Branches:
Dungeon (2/15)

Altars:

Annotations:
D:2 Terence


Message History

The bat misses you. The bat hits you but does no damage.
The bat hits you but does no damage.
You shoot an arrow. The arrow hits the bat.
You kill the bat!
A rat comes into view.
You shoot an arrow. The arrow hits the rat!
You kill the rat!
You hear a shout!
You hear an angry hiss.
Terence and an adder come into view.
Terence is wielding a +3 antimagic falchion.
Found a large garnet amulet.
You shoot an arrow.
The arrow hits Terence but does no damage.
An endoplasm comes into view.
Terence hits you with a +3 antimagic falchion.
You feel your power leaking away.
You shoot an arrow. The arrow hits Terence.
Terence is lightly wounded.
A rat comes into view.
Terence hits you with a +3 antimagic falchion.
You shoot an arrow.
The arrow hits Terence but does no damage.
Terence is lightly wounded.
Terence barely misses you.
You shoot an arrow. The arrow hits Terence!
Terence is moderately wounded.
Terence hits you with a +3 antimagic falchion.
You shoot an arrow.
The arrow hits Terence but does no damage.
Terence is moderately wounded.
The adder bites you. Terence closely misses you. The adder misses you.
Terence hits you with a +3 antimagic falchion.
You shoot an arrow. The arrow completely misses Terence.
The arrow hits the endoplasm but does no damage.
The adder bites you but does no damage.
Terence hits you with a +3 antimagic falchion.
You shoot an arrow. The arrow closely misses Terence.
The adder barely misses you. The adder closely misses you.
Terence hits you with a +3 antimagic falchion.
You die...

##############
#............#
#.##########.#######
#.#####............#
........####.#####.#
...###### #.# ...#
#.# # ...#
#######.#####.#
................@Sr#
...#########.####@..#
....[........# J..#
...########### .....
.### ....## .# .....#
.# ....#%# "...#..


You could see Terence, an adder, an endoplasm and a rat.

Vanquished Creatures
  A gnoll (D:1)
  An adder (D:1)
  A worm (D:1)
  A ball python (D:1)
  6 bats
  An endoplasm (D:1)
  A giant cockroach (D:1)
  5 goblins (D:1)
  A hobgoblin (D:1)
  A quokka (D:1)
  2 frilled lizards (D:1)
  10 kobolds
  2 rats
33 creatures vanquished.

Notes
Turn   | Place    | Note
-------+----------+-------------------------------------------
     0 | D:1      | qw the Gargoyle Hunter began the quest for the Orb.
     0 | D:1      | Reached XP level 1. HP: 12/12 MP: 1/1
     0 | D:1      | 0 ||| qw: Version: 0.3-a-83-gcd0e7d8
     0 | D:1      | 0 ||| qw: Game counter: 1587
     0 | D:1      | 0 ||| qw: Melee chars always use a shield: true
     0 | D:1      | 0 ||| qw: God list: Okawaru
     0 | D:1      | 0 ||| qw: Allow faded altars: false
     0 | D:1      | 0 ||| qw: Do Orc after clearing Dungeon:15 true
     0 | D:1      | 0 ||| qw: Do second Lair branch before Depths: true
     0 | D:1      | 0 ||| qw: Lair rune preference: random
     0 | D:1      | 0 ||| qw: Goals: Normal
     0 | D:1      | 0 ||| PLANNING D:1-11
   131 | D:1      | Reached XP level 2. HP: 17/17 MP: 2/2
   415 | D:1      | Reached XP level 3. HP: 13/21 MP: 3/3
   523 | D:1      | Reached skill level 5 in Ranged Weapons
   885 | D:1      | 885 ||| UPGRADING to +0 cloak.
   890 | D:1      | 890 ||| READING scroll labelled POIXAM LAMO.
   893 | D:1      | 893 ||| READING 4 scrolls labelled KUEDGH JOUBO.
   894 | D:1      | 894 ||| READING 3 scrolls of identify.
   894 | D:1      | 894 ||| IDENTIFYING glowing ruby potion
   895 | D:1      | 895 ||| READING 2 scrolls of identify.
   895 | D:1      | 895 ||| IDENTIFYING fizzy green potion
   896 | D:1      | 896 ||| DROPPING scroll of butterflies.
   897 | D:1      | 897 ||| DROPPING potion of brilliance.
   916 | D:2      | 916 ||| STAIRDANCE
   923 | D:2      | 923 ||| STAIRDANCE
   930 | D:1      | Reached skill level 3 in Fighting
  1037 | D:2      | Noticed Terence
  1043 | D:2      | HP: 2/23 [Terence/+3 antimagic falchion (4)]
  1044 | D:2      | Slain by Terence

Levels and vault maps discovered:
D:1:      amcnicky_arrival_double_pillar, layout_basic
D:2:      kennysheep_big_flooded_room, layout_loops_ring, uniq_terence,
          uniq_jessica

Skill      XL: |  1  2  3 |
---------------+----------+-----
Ranged Weapons | 5 |  5.0
Fighting       | 3 |  3.0
Dodging        | |  1.5
Stealth        | |  1.1

Action                     || total
---------------------------++-------
   Fire: Shortbow          ||   114
    Use: Scroll            ||     4
 Armour: Leather armour    ||    42
  Dodge: Dodged            ||    37

Table legend:
 A = Non-vault XP
 B = Vault XP
 C = Vault XP percentage of total XP
 D = Non-vault monster count
 E = Vault monster count
 F = Vault count percentage of total count
                 A         B        C        D         E       F
            +---------+---------+-------+---------+---------+-------
      Total |      78 |       0 |   0.0 |      33 |       0 |   0.0
            +---------+---------+-------+---------+---------+-------
        D:1 |      74 |       0 |   0.0 |      30 |       0 |   0.0
        D:2 |       4 |       0 |   0.0 |       3 |       0 |   0.0
            +---------+---------+-------+---------+---------+-------
